 Dungeon Crawl Stone Soup version 0.19.5 (webtiles) character file.

3566 greprep the Covert (level 9, 0/41 HPs)
             Began as a Spriggan Enchanter on May 8, 2017.
             Was a Follower of Ashenzari.
             Killed from afar by a hell hound (18 damage)
             ... with a blast of flame
             ... on level 9 of the Dungeon.
             The game lasted 00:24:12 (9488 turns).

greprep the Covert (Spriggan Enchanter)             Turns: 9488, Time: 00:24:13

Health: 0/41       AC:  3    Str:  4    XL:     9   Next: 84%
Magic:  14/20      EV: 21    Int: 17    God:    Ashenzari [*.....]
Gold:   569        SH:  7    Dex: 19    Spells: 5 memorised, 9 levels left

rFire  . . .     SeeInvis +     a - +1 dagger
rCold  . . .     Gourm    .     b - +1 robe
rNeg   . . .     Faith    .     J - +0 buckler (curse)
rPois  .         Spirit   .     (helmet restricted)
rElec  .         Reflect  .     (no cloak)
rCorr  .         Harm     .     (gloves unavailable)
MR     +....                    (boots unavailable)
Stlth  +++++.....               m - amulet of regeneration (curse)
                                (no ring)
                                u - ring of wizardry (curse)

@: very quick
A: unfitting armour, see invisible, herbivore 3, speed 3, slow metabolism 2
a: Curse Item, Scrying, Renounce Religion


You were on level 9 of the Dungeon.
You worshipped Ashenzari.
Ashenzari was aware of your devotion.
You were not hungry.

You visited 2 branches of the dungeon, and saw 10 of its levels.

You collected 569 gold pieces.

Inventory:

Hand Weapons
 a - a +1 dagger (weapon)
Missiles
 q - 3 tomahawks of returning (quivered)
Armour
 b - a +1 robe (worn)
 J - a cursed +0 buckler (worn)
Jewellery
 f - an uncursed amulet of rage
 m - a cursed amulet of regeneration (around neck)
 u - a cursed ring of wizardry (left hand)
Wands
 A - a wand of lightning (5/15)
 E - a wand of slowing (16/48)
 F - a wand of iceblast (9/15)
 N - a wand of flame (15/48)
Scrolls
 e - 3 scrolls of remove curse
 g - 2 scrolls of magic mapping {unknown}
 j - a scroll of enchant armour {unknown}
 k - 2 scrolls of immolation {unknown}
 l - 2 scrolls of teleportation {unknown}
 n - 2 scrolls of random uselessness {unknown}
 w - 3 scrolls of fog {unknown}
 y - 5 scrolls of enchant weapon {unknown}
 B - a scroll of noise {unknown}
 G - a scroll of amnesia {unknown}
 I - a scroll of blinking {unknown}
 L - a scroll of recharging {unknown}
 M - a scroll of fear {unknown}
Potions
 o - 3 potions of resistance
 p - 3 potions of flight
 r - 6 potions of curing
 s - a potion of berserk rage
 t - 3 potions of lignification
 v - a potion of cure mutation
 x - 2 potions of might
 z - 2 potions of magic
 K - a potion of cancellation
 O - a potion of haste
Books
 c - a book of Maledictions

   Spells                             Type                      Level
   a - Corona                         Hexes                        1
   b - Ensorcelled Hibernation        Hexes/Ice                    2
   c - Confuse                        Hexes                        3
   d - Tukima's Dance                 Hexes                        3
   e - Dazzling Spray                 Conjuration/Hexes            3
 H - a book of Necromancy

   Spells                             Type                      Level
   a - Pain                           Necromancy                   1
   b - Animate Skeleton               Necromancy                   1
   c - Vampiric Draining              Necromancy                   3
   d - Regeneration                   Charms/Necromancy            3
   e - Animate Dead                   Necromancy                   4
   f - Control Undead                 Necromancy                   4
Comestibles
 d - 6 bread rations
 i - 7 fruits
 C - a slice of pizza


   Skills:
 + Level 1.1 Fighting
 + Level 4.7 Short Blades
 + Level 5.7 Dodging
 + Level 12.5 Stealth
 * Level 2.3 Shields
 + Level 7.1 Spellcasting
 + Level 6.9 Hexes
 + Level 0.8 Charms
 * Level 2.8 Necromancy
 + Level 3.9 Ice Magic
 + Level 0.6 Evocations


You had 9 spell levels left.
You knew the following spells:

 Your Spells              Type           Power        Failure   Level  Hunger
a - Corona                Hex            ####...      1%          1    None
b - Ensorcelled Hibernat  Hex/Ice        ###...       1%          2    None
c - Confuse               Hex            ####....     1%          3    ##.....
d - Regeneration          Chrm/Necr      ##........   10%         3    ##.....
e - Control Undead        Necr           ###.......   26%         4    ####...


Dungeon Overview and Level Annotations

Branches:
Dungeon (9/15)             Temple (1/1) D:6            Lair (0/6) D:9
    Orc: D:9-12

Altars:
Ashenzari
Dithmenos
Elyvilon
Fedhas
Hepliaklqana
Makhleb
Okawaru
Qazlal
Ru
Sif Muna
Trog
Uskayaw
Vehumet
Xom
The Shining One


Innate Abilities, Weirdness & Mutations

You are very small and have problems with some larger weapons.
You are too small for most types of armour.
You have supernaturally acute eyesight. (SInv)
You are a herbivore.
You cover ground extremely quickly.
You need consume almost no food.


Message History

Aiming: Ensorcelled Hibernation
Press: ? - help, Shift-Dir - straight line, f - orc
Aim: an orc, wielding a hand axe and wearing a ring mail (chance to defeat MR: 71%)
The orc struggles to resist.
The wyvern hisses angrily.
Casting: Ensorcelled Hibernation
Confirm with . or Enter, or press ? or * to list all spells.
Aiming: Ensorcelled Hibernation
Press: ? - help, Shift-Dir - straight line, f/p - orc
Aim: an orc, wielding a hand axe and wearing a ring mail (chance to defeat MR: 71%)
The orc struggles to resist.
The hell hound breathes flames at you. The blast of flame hits you!
Ouch! That really hurt!
You block the orc's attack. The orc closely misses you.
A leopard gecko comes into view.
The hell hound breathes flames at you.
The blast of flame hits the hell hound.
The hell hound completely resists.
The blast of flame hits you!
You die...

#...........#
#.(......
#...........#
#........
#########'###
#......(. #.#
#........
#.#######........
#...#............
###.#.##......[..
######..oo#o....l.[.
......§@.o).........
......§≈≈§l.........
.....≈≈≈≈§≈.........
.....≈≈≈h≈§.§.......
####..≈.h.≈≈(+#####
#.≈≈≈§.≈§..#
#..≈§≈≈§≈....
#.....≈§l§...


You could see 2 hell hounds, a wyvern, an orc wizard, 3 orcs and a leopard gecko
(wandering).

Vanquished Creatures
  Pikel (D:4)
  A deep elf mage (D:9)
  A hornet (D:7)
  A hippogriff (D:8)
  A water moccasin (D:8)
  4 sky beasts
  A black bear (D:9)
  An ogre (D:8)
  A phantom (D:8)
  3 centaurs
  A big kobold (D:8)
  2 bullfrogs (D:4)
  A scorpion (D:4)
  A howler monkey (D:8)
  A crimson imp (D:6)
  A quasit (D:8)
  2 orc priests
  5 hounds
  A jelly (D:8)
  6 orc wizards
  Natasha (thrice) (D:2)
  3 iguanas
  4 worker ants
  A hound zombie (D:6)
  A hound skeleton (D:7)
  A worker ant zombie (D:8)
  Robin (D:2)
  13 adders
  A howler monkey skeleton (D:7)
  4 shadow imps
  An ooze (D:5)
  2 adder skeletons
  5 worms
  6 leopard geckos
  24 orcs
  3 ball pythons
  14 bats
  4 giant cockroaches
  10 goblins
  12 hobgoblins
  9 jackals
  10 kobolds
  6 quokkas
  2 frilled lizards (D:2)
  A jackal skeleton (D:5)
  A leopard gecko skeleton (D:8)
  A quokka skeleton (D:7)
  6 rats
185 creatures vanquished.

Vanquished Creatures (others)
  A worm (D:4)
  2 jackals (D:4)
3 creatures vanquished.

Grand Total: 188 creatures vanquished

Notes
Turn   | Place    | Note
-------+----------+-------------------------------------------
     0 | D:1      | greprep the Spriggan Enchanter began the quest for the Orb.
     0 | D:1      | Reached XP level 1. HP: 9/9 MP: 5/5
   550 | D:1      | Reached XP level 2. HP: 8/13 MP: 2/6
   569 | D:1      | Learned a level 2 spell: Ensorcelled Hibernation
   970 | D:1      | You fall through a shaft!
  1035 | D:2      | Reached XP level 3. HP: 14/16 MP: 2/8
  1050 | D:2      | Reached skill level 5 in Stealth
  1164 | D:2      | Found a sacrificial altar of Ru.
  1169 | D:2      | Noticed Robin
  1206 | D:2      | Noticed Natasha
  1391 | D:2      | Learned a level 3 spell: Confuse
  1469 | D:2      | Killed Robin
  1469 | D:2      | Reached XP level 4. HP: 16/21 MP: 4/9
  2360 | D:2      | Killed Natasha
  2360 | D:2      | Reached skill level 6 in Stealth
  2393 | D:2      | Reached skill level 1 in Ice Magic
  2882 | D:2      | Reached XP level 5. HP: 24/24 MP: 10/10
  3090 | D:2      | Noticed Natasha
  3140 | D:2      | Killed Natasha
  3154 | D:2      | Noticed Natasha
  3161 | D:2      | Killed Natasha
  3954 | D:3      | Reached XP level 6. HP: 28/28 MP: 9/12
  3960 | D:3      | Reached skill level 7 in Stealth
  4492 | D:4      | Found an iron altar of Okawaru.
  4593 | D:4      | Reached skill level 5 in Hexes
  4655 | D:4      | Noticed a slave
  4657 | D:4      | Noticed a slave
  4658 | D:4      | Noticed Pikel
  4658 | D:4      | Noticed a slave
  4662 | D:4      | Noticed a slave
  4671 | D:4      | Killed Pikel
  4671 | D:4      | Reached skill level 9 in Stealth
  4671 | D:4      | Reached XP level 7. HP: 32/32 MP: 10/15
  4877 | D:4      | Reached skill level 5 in Spellcasting
  4969 | D:4      | Reached XP level 8. HP: 37/37 MP: 16/16
  4971 | D:4      | Reached skill level 10 in Stealth
  4992 | D:4      | Found a blossoming altar of Fedhas.
  5172 | D:5      | Entered Level 5 of the Dungeon
  5981 | D:6      | Reached skill level 1 in Fighting
  6424 | D:6      | Found a staircase to the Ecumenical Temple.
  6845 | D:6      | Reached skill level 5 in Dodging
  7181 | D:6      | Found a shadowy altar of Dithmenos.
  7181 | D:6      | Found a radiant altar of Vehumet.
  7187 | D:6      | Found a hazy altar of Hepliaklqana.
  7262 | Temple   | Entered the Ecumenical Temple
  7267 | Temple   | Became a worshipper of Ashenzari the Shackled
  7319 | D:7      | Learned a level 3 spell: Regeneration
  7324 | D:7      | Learned a level 4 spell: Control Undead
  7408 | D:7      | You fall through a shaft!
  7439 | D:8      | Reached skill level 11 in Stealth
  7604 | D:7      | Reached XP level 9. HP: 41/41 MP: 15/19
  7712 | D:7      | Found a burning altar of Makhleb.
  7719 | D:7      | Reached skill level 1 in Necromancy
  8158 | D:8      | Reached skill level 1 in Shields
  8480 | D:8      | Reached skill level 12 in Stealth
  9326 | D:9      | Noticed a deep elf mage
  9331 | D:9      | Killed a deep elf mage
  9462 | D:9      | Reached * piety under Ashenzari
  9464 | D:9      | Found a staircase to the Lair.
  9488 | D:9      | Killed from afar by a hell hound

Skill      XL: |  1  2  3  4  5  6  7  8  9 |
---------------+----------------------------+-----
Hexes          | 4 5 6 |  6.9
Stealth        | 5 6 9 11 12 | 12.5
Spellcasting   | 3 4 5 6 7 |  7.1
Ice Magic      | 1 2 3 |  3.9
Short Blades   | 2 3 4 |  4.7
Dodging        | 4 5 |  5.7
Fighting       | 1 |  1.1
Necromancy     | 2 |  2.8
Shields        | 2 |  2.3
Charms         | |  0.8
Evocations     | |  0.6

Action                   |  1- 3 |  4- 6 |  7- 9 || total
-------------------------+-------+-------+-------++-------
Melee: Dagger            |    83 |   169 |   262 ||   514
Throw: Tomahawk          |       |       |     1 ||     1
 Cast: Corona            |     4 |       |       ||     4
       Ensorcelled Hiber |    22 |    56 |    86 ||   164
       Confuse           |       |     1 |    18 ||    19
       Regeneration      |       |       |     1 ||     1
Invok: Curse Item        |       |       |     3 ||     3
 Abil: Evoke Berserk Rag |     1 |       |       ||     1
  Use: Scroll            |       |       |    12 ||    12
 Stab: Sleeping          |    18 |    51 |    68 ||   137
       Distracted        |       |     1 |     2 ||     3
       Confused          |       |     1 |     8 ||     9
  Eat: Bread ration      |       |     2 |       ||     2
       Royal jelly       |       |       |     1 ||     1
       Pizza             |       |       |     1 ||     1
Armor: Robe              |    16 |    16 |    17 ||    49
Dodge: Dodged            |   104 |   160 |   172 ||   436
Block: Buckler           |       |       |    26 ||    26
